 Dungeon Crawl Stone Soup version 0.25.1-2-g60ff931df9 (webtiles) character file.

Game seed: 4739279015441067702

51 ubername the Vexing (level 3, -2/28 HPs)
             Began as a Gnoll Arcane Marksman on Sept 27, 2020.
             Slain by an ogre
             ... wielding a +0 giant club
              (30 damage)
             ... on level 3 of the Dungeon.
             The game lasted 00:05:44 (1998 turns).

ubername the Vexing (Gnoll Arcane Marksman)         Turns: 1998, Time: 00:05:45

Health: -2/28      AC:  2    Str: 12    XL:     3   Next: 81%
Magic:  6/7        EV: 14    Int: 16    God:
Gold:   101        SH:  0    Dex: 15    Spells: 6/7 levels left

rFire    . . .     SeeInvis .   b - +0 mace
rCold    + . .     Gourm    .   (no shield)
rNeg     . . .     Faith    .   e - +0 robe
rPois    .         Spirit   .   (no helmet)
rElec    .         Reflect  .   (no cloak)
rCorr    .         Harm     .   (no gloves)
MR       .....                  (no boots)
Stlth    ++........             (no amulet)
HPRegen  0.09/turn              l - ring of protection from cold
MPRegen  0.10/turn              (no ring)

@: no status effects
A: distributed training, fangs 1, strong nose
a: no special abilities


You were on level 3 of the Dungeon.
You were not hungry.

You visited 1 branch of the dungeon, and saw 3 of its levels.

You collected 101 gold pieces.

Inventory:

Hand Weapons
 a - a +1 hunting sling
 b - a +0 mace (weapon)
Missiles
 d - 10 sling bullets
 g - 3 datura-tipped darts (quivered)
 o - 82 stones
 p - 3 poisoned darts
Armour
 c - a +0 ring mail
 e - a +0 robe (worn)
 j - a +0 leather armour
Jewellery
 l - a ring of protection from cold (left hand)
Potions
 h - a potion of curing {unknown}
 k - a potion of brilliance {unknown}
 m - a potion of heal wounds {unknown}
 n - a potion of might {unknown}
Comestibles
 f - 3 rations
 i - 3 chunks of flesh


   Skills:
 + Level 2.6 Fighting
 + Level 0.9 Short Blades
 + Level 0.9 Long Blades
 + Level 0.9 Axes
 + Level 0.9 Maces & Flails
 + Level 0.9 Polearms
 + Level 0.9 Staves
 + Level 4.5 Slings
 + Level 0.9 Bows
 + Level 0.9 Crossbows
 + Level 0.9 Throwing
 + Level 0.9 Armour
 + Level 4.5 Dodging
 + Level 0.9 Stealth
 + Level 0.9 Shields
 + Level 0.9 Unarmed Combat
 + Level 2.8 Spellcasting
 + Level 0.6 Conjurations
 + Level 5.4 Hexes
 + Level 0.6 Charms
 + Level 0.6 Summonings
 + Level 0.6 Necromancy
 + Level 0.6 Translocations
 + Level 0.6 Transmutations
 + Level 0.6 Fire Magic
 + Level 0.6 Ice Magic
 + Level 0.6 Air Magic
 + Level 0.6 Earth Magic
 + Level 0.6 Poison Magic
 + Level 1.0 Invocations
 + Level 0.9 Evocations


You had 6 spell levels left.
You knew the following spells:

 Your Spells              Type           Power        Failure   Level  Hunger
a - Corona                Hex            ###....      1%          1    #......

Your spell library contained the following spells:

 Spells                   Type           Power        Failure   Level  Hunger
 Slow                     Hex            ###.....     3%          2    ##.....
 Inner Flame              Hex/Fire       ##......     16%         3    ###....
 Portal Projectile        Hex/Tloc       ##....       16%         3    ###....
 Cause Fear               Hex            ###.......   21%         4    #####..
 Leda's Liquefaction      Hex/Erth       ##........   47%         4    #####..


Dungeon Overview and Level Annotations

Branches:
Dungeon (3/15)

Altars:


Innate Abilities, Weirdness & Mutations

Your experience applies equally to all skills.
You have very sharp teeth.
Your uncanny sense of smell can sniff out nearby items.


Message History

Aim: an ogre, wielding a +0 giant club (moderately wounded, softly glowing)
You shoot a sling bullet. The sling bullet hits the ogre.
The ogre is heavily wounded.
Firing (i - inventory. (/) - cycle)
d - 12 sling bullets (quivered)
Press: ? - help, Shift-Dir - straight line, f/p - ogre
Aim: an ogre, wielding a +0 giant club (moderately wounded, softly glowing)
You shoot a sling bullet. The sling bullet hits the ogre!
The ogre is severely wounded.
Firing (i - inventory. (/) - cycle)
d - 11 sling bullets (quivered)
Press: ? - help, Shift-Dir - straight line, f/p - ogre
Aim: an ogre, wielding a +0 giant club (severely wounded, softly glowing)
You shoot a sling bullet. The sling bullet hits the ogre.
The ogre is almost dead.
b - a +0 mace (weapon)
The ogre closely misses you.
You hit the ogre.
The ogre is almost dead.
The ogre hits you with a +0 giant club!!
Ouch! That really hurt!
You die...

#.# #..### #. ..#
#....# #( ###
##.#.# ##.# #.#.#
##...# #.#.# #...(.
#.#.# #....(
#####.#.#
##....O####.......#
<......@....#...###
......#######.###
###.# #.# # #.# #.#
#.# #.# ∆ #.# #.#


You could see an ogre (corona).

Vanquished Creatures
  2 adders
  A worm (D:2)
  A leopard gecko (D:2)
  6 bats
  2 giant cockroaches (D:2)
  4 goblins
  5 hobgoblins
  A jackal (D:2)
  2 kobolds
  2 frilled lizards
  2 rats (D:2)
28 creatures vanquished.

Notes
Turn   | Place    | Note
-------+----------+-------------------------------------------
     0 | D:1      | ubername the Gnoll Arcane Marksman began the quest for the
                  | Orb.
     0 | D:1      | Reached XP level 1. HP: 17/17 MP: 4/4
   337 | D:1      | Reached XP level 2. HP: 23/23 MP: 5/5
  1042 | D:2      | Reached XP level 3. HP: 26/28 MP: 7/7
  1663 | D:2      | Reached skill level 1 in Invocations
  1990 | D:3      | Noticed an ogre
  1998 | D:3      | Slain by an ogre

Illustrated notes

Levels and vault maps discovered:
D:1:      minmay_arrival_semitransparent, layout_basic, hex_tiny
D:2:      layout_basic, minmay_cupped
D:3:      layout_loops_ring, nicolae_overflow_hidden_temple

Skill      XL: |  1  2  3 |
---------------+----------+-----
Invocations    | 1 |  1.0
Fighting       | |  2.6
Short Blades   | |  0.9
Long Blades    | |  0.9
Axes           | |  0.9
Maces & Flails | |  0.9
Polearms       | |  0.9
Staves         | |  0.9
Slings         | |  4.5
Bows           | |  0.9
Crossbows      | |  0.9
Throwing       | |  0.9
Armour         | |  0.9
Dodging        | |  4.5
Stealth        | |  0.9
Shields        | |  0.9
Unarmed Combat | |  0.9
Spellcasting   | |  2.8
Conjurations   | |  0.6
Hexes          | |  5.4
Charms         | |  0.6
Summonings     | |  0.6
Necromancy     | |  0.6
Translocations | |  0.6
Transmutations | |  0.6
Fire Magic     | |  0.6
Ice Magic      | |  0.6
Air Magic      | |  0.6
Earth Magic    | |  0.6
Poison Magic   | |  0.6
Evocations     | |  0.9

Action                   || total
-------------------------++-------
Melee: Mace              ||    26
       Bite              ||     1
 Fire: Hunting sling     ||    64
Throw: Dart              ||     2
 Cast: Corona            ||    15
  Use: Scroll            ||     7
 Stab: Sleeping          ||     1
  Eat: Chunk             ||     3
Armor: Leather armour    ||    15
Dodge: Dodged            ||    49
